 Dungeon Crawl Stone Soup version 0.28.0-1-gb440e238dd (webtiles) character file.

Game seed: 2733481673490912807

26 MacCMillion the Chiller (level 3, -3/24 HPs)
             Began as a Merfolk Ice Elementalist on Feb 27, 2022.
             Slain by a gnoll (8 damage)
             ... on level 2 of the Dungeon.
             The game lasted 00:02:56 (1284 turns).

MacCMillion the Chiller (Merfolk Ice Elementalist)  Turns: 1284, Time: 00:02:57

Health: -3/24      AC:  2    Str:  8    XL:     3   Next: 8%
Magic:  5/6        EV: 12    Int: 16    God:
Gold:   50         SH:  0    Dex: 14    Spells: 2/6 levels left

rFire   . . .      SeeInvis .   c - +0 dagger
rCold   . . .      Faith    .   (no shield)
rNeg    . . .      Spirit   .   a - +0 robe
rPois   .          Reflect  .   (no helmet)
rElec   .          Harm     .   (no cloak)
rCorr   .          Rampage  .   (no gloves)
Will    .....                   (no boots)
Stlth   ++........              (no amulet)
HPRegen 0.08/turn               (no ring)
MPRegen 0.10/turn               (no ring)

@: lethally poisoned (-3 -> -7)
A: (nimble swimmer 2), mertail
a: no special abilities


You were on level 2 of the Dungeon.
You visited 1 branch of the dungeon, and saw 2 of its levels.

You collected 50 gold pieces.

Inventory:

Hand Weapons
 c - a +0 dagger (weapon)
Armour
 a - a +0 robe (worn)
Scrolls
 b - a scroll of torment {unknown}
 f - a scroll of vulnerability {unknown}
Potions
 d - a potion of curing {unknown}
 e - a potion of might {unknown}


   Skills:
 - Level 2.6 Dodging
 - Level 2.1 Stealth
 - Level 2.0 Spellcasting
 + Level 5.4 Ice Magic


You had 2 spell levels left.
You knew the following spells:

 Your Spells              Type           Power      Damage    Failure   Level
a - Freeze                Ice            76%        1d9       2%          1
b - Frozen Ramparts       Ice            38%        1d5       7%          3

Your spell library contained the following spells:

 Spells                   Type           Power      Damage    Failure   Level
 Ozocubu's Armour         Ice            19%        N/A       7%          3
 Hailstorm                Conj/Ice       10%        3d5       56%         4


Dungeon Overview and Level Annotations

Branches:
Dungeon (2/15)

Altars:

Shops:
D:1 =

Annotations:
D:2 Terence


Innate Abilities, Weirdness & Mutations

((You are very nimble when in or above water. (Stealth+, EV+, Speed+++)))
Your lower body shifts to a powerful aquatic tail in water.


Message History

There is a stone staircase leading up here.
You closely miss the ball python.
The ball python hisses angrily.
The ball python closely misses you. The ball python grabs you.
The ball python constricts you.
You freeze the ball python.
The ball python is severely wounded.
The ball python barely misses you. The ball python constricts you.
You freeze the ball python!
You kill the ball python!
Magic restored.
HP restored.
A gnoll comes into view. It is wielding a +0 spear.
A gnoll is nearby!
The gnoll shouts!
A gnoll comes into view. It is wielding a +0 halberd.
The gnoll shouts!
Casting: Freeze (safe; 2% risk of failure)
Confirm with . or Enter, or press ? or * to list all spells.
The spell is quite dangerous to miscast (7% risk of failure)!
Continue anyway?
Okay, then.
The gnoll barely misses you. The gnoll completely misses you.
You freeze the gnoll.
The gnoll is lightly wounded.
The gnoll shouts!
You hear an angry hiss.
The gnoll hits you from afar with a +0 halberd of venom.
You are poisoned.
You feel very sick. The gnoll hits you with a +0 spear!
You feel sick. The gnoll barely misses you.
* * * LOW HITPOINT WARNING * * *
You feel sick.
* * * LOW HITPOINT WARNING * * *
You feel sick.
There is a stone staircase leading up here.
* * * LOW HITPOINT WARNING * * *
You feel sick.
The gnoll hits you from afar with a +0 spear!
You die...

#.#........#
#.#.....##.#####
..##...#.......#
... ###..g.....#
... #..#.## ##.S
#.g#.g# #
#..##.# .#
#..##g#..#
#..@.....#
#.....####
#.##### #. #


You could see 2 gnolls.

Vanquished Creatures
  A dart slug (D:1)
  3 ball pythons
  A giant cockroach (D:1)
  5 goblins
  A hobgoblin (D:2)
  4 bats
  A frilled lizard (D:1)
  3 kobolds
  3 rats
22 creatures vanquished.

Notes
Turn   | Place    | Note
-------+----------+-------------------------------------------
     0 | D:1      | MacCMillion the Merfolk Ice Elementalist began the quest
                  | for the Orb.
     0 | D:1      | Reached XP level 1. HP: 13/13 MP: 3/3
   292 | D:1      | Found a faded altar of an unknown god.
   362 | D:1      | Found Gumus's Jewellery Emporium.
   458 | D:1      | Reached XP level 2. HP: 19/19 MP: 5/5
   603 | D:1      | Reached skill level 5 in Ice Magic
   981 | D:2      | Reached XP level 3. HP: 22/24 MP: 0/6
  1058 | D:2      | Noticed Terence
  1243 | D:1      | Learned a level 3 spell: Frozen Ramparts
  1284 | D:2      | Slain by a gnoll

Illustrated notes

Levels and vault maps discovered:
D:1:      lightli_arrival_farm, layout_rooms, serial_shops, shop,
          basic_ecumenical_altar
D:2:      layout_loops_cross, minmay_tromino_v4_a, uniq_terence

Skill      XL: |  1  2 |
---------------+-------+-----
Ice Magic      | 5 |  5.4
Dodging        | |  2.6
Stealth        | |  2.1
Spellcasting   | |  2.0

Action                   || total
-------------------------++-------
Melee: Dagger            ||    47
       Punch             ||     1
 Cast: Freeze            ||    21
 Stab: Sleeping          ||     5
Armor: Robe              ||    20
Dodge: Dodged            ||    57
